 Dungeon Crawl Stone Soup version 0.26-a0-639-g72c4674329 (webtiles) character file.

Game seed: 12139414394578909639

57 MrRokkomies the Grave Robber (level 3, -1/28 HPs)
             Began as a Demigod Wanderer on Sept 16, 2020.
             Slain by Natasha (4 damage)
             ... on level 2 of the Dungeon.
             The game lasted 00:02:17 (1930 turns).

MrRokkomies the Grave Robber (Demigod Wanderer)     Turns: 1930, Time: 00:02:18

Health: -1/28      AC:  2    Str: 15    XL:     3   Next: 50%
Magic:  8/8        EV: 13    Int: 18    God:
Gold:   51         SH:  0    Dex: 21    Spells: 4/5 levels left

rFire    . . .     SeeInvis .   q - +0 trident
rCold    . . .     Faith    .   (no shield)
rNeg     . . .     Spirit   .   c - +0 robe
rPois    .         Reflect  .   (no helmet)
rElec    .         Harm     .   (no cloak)
rCorr    .         Rampage  .   (no gloves)
MR       .....                  (no boots)
Stlth    ++........             (no amulet)
HPRegen  0.09/turn              e - +6 ring of dexterity
MPRegen  0.11/turn              (no ring)

@: no status effects
A: high mp 1
a: no special abilities


You were on level 2 of the Dungeon.
You visited 1 branch of the dungeon, and saw 2 of its levels.

You collected 51 gold pieces.

Inventory:

Hand Weapons
 a - a +0 club
 q - a +0 trident (weapon)
Armour
 c - a +0 robe (worn)
Jewellery
 e - a +6 ring of dexterity (left hand)
 m - an uncursed ring of magical power {unknown}
Scrolls
 d - 3 scrolls of identify {unknown}
 g - 2 scrolls of teleportation {unknown}
 h - a scroll of immolation {unknown}
 j - a scroll of amnesia {unknown}
 l - a scroll of remove curse {unknown}
 o - a scroll of noise {unknown}
Potions
 b - 2 potions of lignification
 f - 2 potions of degeneration {unknown}
 i - 2 potions of heal wounds {unknown}
 n - 2 potions of brilliance {unknown}
 p - a potion of stabbing {unknown}


   Skills:
 + Level 1.1 Fighting
 - Level 1.0 Throwing
 * Level 1.7 Dodging
 - Level 1.0 Stealth
 - Level 1.7 Spellcasting
   Level 1.0 Conjurations
 * Level 2.2 Hexes
   Level 2.6 Necromancy
   Level 1.0 Fire Magic


You had 4 spell levels left.
You knew the following spells:

 Your Spells              Type           Power        Failure   Level
a - Corona                Hex            #......      8%          1

Your spell library contained the following spells:

 Spells                   Type           Power        Failure   Level
 Ensorcelled Hibernation  Hex/Ice        #.....       19%         2
 Confusing Touch          Hex            #.......     22%         3
 Tukima's Dance           Hex            #.......     22%         3
 Dazzling Flash           Conj/Hex       #.....       28%         3


Dungeon Overview and Level Annotations

Branches:
Dungeon (2/15)

Annotations:
D:2 Natasha


Innate Abilities, Weirdness & Mutations

You have an increased reservoir of magic. (+10% MP)


Message History

Natasha, Servant of Life and Death comes into view.
She is carrying a wand of polymorph (9).
Natasha hisses angrily.
You closely miss Natasha. Natasha completely misses you.
You barely miss Natasha. Natasha closely misses you.
A hobgoblin comes into view. It is wielding a +0 trident.
Natasha barely misses you.
You closely miss Natasha. Natasha claws you!
You barely miss Natasha. Natasha claws you!
You are too injured to fight recklessly!
You are too injured to fight recklessly!
You are too injured to fight recklessly!
You puncture Natasha!
Natasha is severely wounded.
Natasha casts a spell at you. The magic dart hits you!
* * * LOW HITPOINT WARNING * * *
You closely miss Natasha.
Natasha is severely wounded.
Natasha claws you.
You die...

#......... .....
#.#.###.## .... ##.#.#
#... .... ...#.######
#..##.# ##...####.
#..##.# #.....##†.
######..##.# #......†..
#.....h....###.....##..
#.....@...........####.
#..........###.#### ##
#..........###.## #
#.....).........#######
#..........###.........
#..........# ##...#####
####################.#
#....................#
#..#...#...#...#...#.#


You could see Natasha.

Vanquished Creatures
  Natasha (D:2)
  3 dart slugs (D:2)
  A leopard gecko (D:2)
  A ball python (D:2)
  4 bats
  2 giant cockroaches (D:2)
  3 goblins
  2 hobgoblins
  A kobold (D:1)
  A quokka (D:2)
  4 frilled lizards
  2 rats
25 creatures vanquished.

Notes
Turn   | Place    | Note
-------+----------+-------------------------------------------
     0 | D:1      | MrRokkomies the Demigod Wanderer began the quest for the
                  | Orb.
     0 | D:1      | MrRokkomies set off with the following items: a +0 club, 2
                  | potions of lignification, a +0 robe; and the following
                  | spell memorised: Corona; and the following spells available
                  | to memorise: Ensorcelled Hibernation, Confusing Touch,
                  | Dazzling Flash, Tukima's Dance
     0 | D:1      | Reached XP level 1. HP: 14/14 MP: 5/5
  1047 | D:2      | Reached XP level 2. HP: 16/22 MP: 7/7
  1291 | D:2      | Reached skill level 1 in Dodging
  1765 | D:2      | Found an iron altar of Okawaru.
  1804 | D:2      | Noticed Natasha
  1817 | D:2      | Killed Natasha
  1817 | D:2      | Reached skill level 1 in Fighting
  1817 | D:2      | Reached XP level 3. HP: 18/28 MP: 8/8
  1921 | D:2      | Noticed Natasha
  1930 | D:2      | Slain by Natasha

Illustrated notes

Levels and vault maps discovered:
D:1:      wander_arrival_chamber, layout_basic, serial_bayou_pond_d,
          minmay_misc_feat_iff, minmay_strange_pillars
D:2:      layout_loops_ring, lemuel_coloured_pillars_altar, uniq_natasha

Skill      XL: |  1  2 |
---------------+-------+-----
Dodging        | 1 |  1.7
Fighting       | 1 |  1.1
Hexes          | 2 |  2.2
Throwing       | |  1.0
Stealth        | |  1.0
Spellcasting   | |  1.7
Conjurations   | |  1.0
Necromancy     | |  2.6
Fire Magic     | |  1.0

Action                   || total
-------------------------++-------
Melee: Club              ||    41
       Spear             ||    38
       Trident           ||    14
 Stab: Sleeping          ||     6
       Distracted        ||     1
Armor: Robe              ||    14
Dodge: Dodged            ||    53

Table legend: (Time is in decaauts)
 A = Elapsed time spent in this place.
 B = Non-inter-level travel time spent in this place.
 C = Inter-level travel time spent in this place.
 D = Time resting spent in this place.
 E = Time spent auto-exploring this place.
 F = Levels seen in this place.
 G = Mean time per level.
                   A        B        C        D        E       F      G
               +--------+--------+--------+--------+--------+-----+--------+
         Total |   1949 |   1933 |     16 |      0 |   1701 |   2 |  974.5 |
       Dungeon |   1949 |   1933 |     16 |      0 |   1701 |   2 |  974.5 |
               +--------+--------+--------+--------+--------+-----+--------+

Top non-repeatable levels by time:
     D:1: 1036 daAuts
     D:2: 913 daAuts
